Unix NetHack Version 5.0.0-0 post-release - last build Jul 19 2026 19:10:59 (3aa4ab31751d3886436d94b585a96704892fd477,branch:main).

Game began 2026-07-27 13:44:31, ended 2026-07-27 14:08:11.

Jandor, neutral male human Wizard

                                               -----    $
                 ----------                $   |...|               ---------
  -----          |........|       -------      |...|     ------   #........|
  |...|          |.{.......#######...^..|      |...|    #.....|   #|.......|
  |...|          |........|       |.....|     #.....# ###|....|  ##|...._..|
  |....#         |........|       ---.---     #|...|# #  |.....### |..<....|
  |...|##        |.^......|          #        #|...|###  --.---    |`......|
  |...| #        ----.-----          #        #----- ##    #       ---------
  |....########   ####               ###      #      ##    #
  --#--   #     ###                    #      #########    #
          #     #                      ###    ##      #    #
          ##   ##                 #############       #    #
           ## -.-------------    ##      ##   #   $$  #### #
            ##|........>.....#####--------.-  #       #--.--.-
             #|.............|    #|.....@o.| ##        |.*...|
             #|..............     |........| #   $     |.%...|         $$
             #..............|     |.......+| #         |.....|         $$
              |.............|     |.........##         -------
              ---------------     ----------

Jandor the Conjurer       St:10 Dx:13 Co:13 In:18 Wi:10 Ch:10  Neutral
Dlvl:3  $:41 HP:0(23) Pw:24(24) AC:9  Xp:3 T:2181  Fainted  Deaf

Latest messages:
 "Thou must relearn thy lessons!"
 You feel foolish!
 Goodbye level 4.
 You faint from lack of food.
 You regain consciousness.
 Are you sure you want to pray? [yn] (n) y
 You begin praying to Thoth.
 You finish your prayer.
 You feel that Thoth is displeased.
 You faint from lack of food.
 You regain consciousness.
 You can hear again.
 You faint from lack of food.
 You regain consciousness.
 You can hear again.
 You faint from lack of food.
 You regain consciousness.
 You can hear again.
 You faint from lack of food.
 You regain consciousness.
 You faint from lack of food.
 You regain consciousness.
 You faint from lack of food.
 You regain consciousness.
 You can hear again.
 You faint from lack of food.
 You regain consciousness.
 You faint from lack of food.
 You regain consciousness.
 You faint from lack of food.
 You regain consciousness.
 You can hear again.
 You faint from lack of food.
 The hobgoblin thrusts his crude dagger.
 The hobgoblin hits!
 The hobgoblin thrusts his crude dagger.
 The hobgoblin hits!
 The hobgoblin thrusts his crude dagger.
 The hobgoblin hits!
 You regain consciousness.
 You miss the hobgoblin.
 The hobgoblin thrusts his crude dagger.
 The hobgoblin hits!
 You faint from lack of food.
 The hobgoblin thrusts his crude dagger.
 The hobgoblin hits!
 The hobgoblin thrusts his crude dagger.
 The hobgoblin hits!
 You die...
 Do you want your possessions identified? [ynq] (y) q

Inventory:
 Coins    ('$')
  $ - 41 gold pieces
 Weapons  (')')
  R - 9 blessed +0 silver arrows
  w - a +0 sling
  T - 3 +0 darts
  Y - the rustproof +0 Magicbane (weapon in right hand)
  y - a +0 orcish dagger
  U - a corroded +0 orcish dagger
  N - a +0 mace
  a - a blessed +1 quarterstaff
  v - a cursed +0 short sword
  o - a cursed -1 trident
 Armor    ('[')
  L - an uncursed +0 orcish helm
  V - an uncursed +0 orcish helm
  b - an uncursed +0 cloak of magic resistance (being worn)
 Scrolls  ('?')
  C - a cursed scroll of create monster
  j - an uncursed scroll of enchant weapon
  k - a blessed scroll of light
  q - an uncursed scroll of magic mapping
 Spellbooks  ('+')
  l - a blessed spellbook of force bolt
  m - an uncursed spellbook of healing
 Potions  ('!')
  g - an uncursed potion of enlightenment
  h - an uncursed potion of extra healing
  A - a cursed potion of extra healing
  p - an uncursed potion of full healing
  u - a blessed potion of healing
  I - 2 uncursed potions of healing
  E - an uncursed potion of oil
  M - an uncursed potion of polymorph
  f - an uncursed potion of water
 Rings    ('=')
  e - an uncursed +2 ring of increase damage
  d - an uncursed +1 ring of protection
  F - an uncursed ring of regeneration
 Wands    ('/')
  B - a wand of digging (0:7)
  t - a wand of fire (0:4)
  c - a wand of probing (0:6)
  z - a wand of secret door detection (0:15)
 Tools    ('(')
  S - an uncursed leash
  n - a magic marker (0:21)
  r - a cursed towel
 Gems/Stones  ('*')
  x - an uncursed worthless piece of orange glass
  Q - an uncursed worthless piece of white glass

Jandor the Wizard's attributes:

Background:
 You were a Conjurer, a level 3 male human Wizard.
 You were neutral, on a mission for Thoth
 who was opposed by Ptah (lawful) and Anhur (chaotic).
 You were right-handed.
 You were in the Dungeons of Doom, on level 3.
 You entered the dungeon 2181 turns ago.
 You had 79 experience points, 1 more was needed to attain level 4.

Basics:
 You had 0 out of 23 hit points.
 You had all 24 energy points (spell power).
 Your armor class was 9.
 Your wallet contained 41 zorkmids.
 Autopickup was off.

Final Characteristics:
 Your strength was 10 (base:11, limit:18/100).
 Your dexterity was 13 (limit:18).
 Your constitution was 13 (limit:18).
 Your intelligence was 18 (limit:18).
 Your wisdom was 10 (peak:11, limit:18).
 Your charisma was 10 (limit:18).

Final Status:
 You were deaf.
 You were fainted due to starvation.
 You were unencumbered.
 You were wielding a dagger.
 You were unskilled in dagger.

Final Attributes:
 You were stridently aligned.
 You were magic-protected.
 You were cold resistant.
 You were telepathic.
 You were warded.
 You were very unlucky.
 Thoth was angry with you.
 You are dead.

Miscellaneous:
 You didn't encounter any bones levels.
 Total elapsed playing time was 23 minutes and 39 seconds.

Major events:
 Turn
    1: Jandor the neutral male human Wizard entered the dungeon
 1101: attained the rank of Conjurer (level 3)
 1816: was bestowed with Magicbane by Thoth
 2181: killed by a hobgoblin, while fainted from lack of food

Spells:
 Name                 Level Category     Fail Retention
 force bolt             1   attack         0%   81%-90%
 healing                1   healing        0%  76%-100%

Skills:
 Fighting Skills
   bare handed combat [Unskilled]
   riding             [Unskilled]
 Weapon Skills
   dagger             [Unskilled]
   knife              [Unskilled]
   axe                [Unskilled]
   short sword        [Unskilled]
   club               [Unskilled]
   mace               [Unskilled]
   quarterstaff       [Basic]
   polearms           [Unskilled]
   spear              [Unskilled]
   trident            [Unskilled]
   sling              [Unskilled]
   dart               [Unskilled]
   shuriken           [Unskilled]
 Spellcasting Skills
   attack spells      [Basic]
   healing spells     [Unskilled]
   divination spells  [Unskilled]
   enchantment spells [Basic]
   clerical spells    [Unskilled]
   escape spells      [Unskilled]
   matter spells      [Unskilled]

Voluntary challenges:
 Character rerolling was not enabled.
 You never genocided any monsters.
 You never polymorphed an object.
 You never changed form.
 You used no wishes.
Achievement:
 You attained the rank of Conjurer.

 The Dungeons of Doom: levels 1 to 3
    Level 1:
       A fountain, a sink.
    Level 2:
       A fountain.
    Level 3: <- You were here.
       An altar to Thoth, a fountain.
       Final resting place for
          you, killed by a hobgoblin, while fainted from lack of food.


Vanquished creatures:
  4 floating eyes
 an iguana
  2 acid blobs
  a hobgoblin
  a brown mold
  a yellow mold
  a green mold
  a red mold
  3 geckos
  9 jackals
  3 foxes
  2 kobolds
  2 goblins
  3 grid bugs
  3 lichens
  4 newts
41 creatures vanquished.

No species were genocided or became extinct.

Game over:
                       ----------
                      /          \
                     /    REST    \
                    /      IN      \
                   /     PEACE      \
                  /                  \
                  |      Jandor      |
                  |      41 Au       |
                  |   killed by a    |
                  |    hobgoblin     |
                  |                  |
                  |                  |
                  |       2026       |
                 *|     *  *  *      | *
        _________)/\\_//(\/(/\)/\//\/|_)_______

Goodbye Jandor the Wizard...

You died in The Dungeons of Doom on dungeon level 3 with 489 points,
and 41 pieces of gold, after 2181 moves.
You were level 3 with a maximum of 23 hit points when you died.

